 Dungeon Crawl Stone Soup version 0.28.0-53-g5a82cb258f (webtiles) character file.

Game seed: 1052434413259792662

17607 Zeld the Geomancer (level 12, -4/59 HPs)
             Began as a Gargoyle Earth Elementalist on May 26, 2022.
             Was a Believer of Vehumet.
             Slain by a boulder beetle (12 damage)
             ... on level 12 of the Dungeon.
             The game lasted 00:17:37 (20121 turns).

Zeld the Geomancer (Gargoyle Earth Elementalist)   Turns: 20121, Time: 00:17:37

Health: -4/59      AC: 13    Str: 13    XL:     12   Next: 49%
Magic:  1/28       EV: 11    Int: 20    God:    Vehumet [**....]
Gold:   287        SH:  5    Dex: 10    Spells: 20/36 levels left

rFire   . . .      SeeInvis .   a - +4 morningstar
rCold   . . .      Faith    .   (no shield)
rNeg    + . .      Spirit   .   b - +0 robe
rPois   ∞          Reflect  +   z - +0 helmet
rElec   +          Harm     .   D - +0 cloak
rCorr   +          Rampage  .   w - +0 pair of gloves
Will    .....                   (no boots)
Stlth   ++........              o - amulet of reflection
HPRegen 0.19/turn               x - ring of resist corrosion
MPRegen 0.21/turn               q - ring of wizardry

@: no status effects
A: sickness immunity, AC +8, negative energy resistance 1, electricity
resistance, torment resistance 1, petrification resistance
a: Renounce Religion


You were on level 12 of the Dungeon.
You worshipped Vehumet.
Vehumet was pleased with you.
You visited 3 branches of the dungeon, and saw 14 of its levels.

You collected 717 gold pieces.
You spent 430 gold pieces at shops.

Inventory:

Hand Weapons
 a - a +4 morningstar (weapon)
Missiles
 c - 362 stones
Armour
 b - a +0 robe (worn)
 w - a +0 pair of gloves (worn)
 z - a +0 helmet (worn)
 D - a +0 cloak (worn)
Jewellery
 o - an amulet of reflection (around neck)
 q - a ring of wizardry (right hand)
 t - a ring of protection from cold
 x - a ring of resist corrosion (left hand)
Wands
 l - a wand of flame (37)
 n - a wand of charming (15)
 A - a wand of digging (3)
Scrolls
 f - 5 scrolls of teleportation
 i - a scroll of identify
 k - 2 scrolls of blinking
 m - 3 scrolls of magic mapping
 u - 2 scrolls of amnesia
 y - a scroll of silence
 C - a scroll of enchant armour
Potions
 d - 2 potions of resistance
 e - 2 potions of ambrosia {unknown}
 g - a potion of flight
 h - a potion of mutation
 j - 3 potions of might {unknown}
 p - a potion of lignification {unknown}
 r - a potion of heal wounds
 v - 3 potions of curing {unknown}
 B - a potion of brilliance {unknown}


   Skills:
 - Level 1.5 Dodging
 - Level 2.1 Stealth
 * Level 12.9 Spellcasting
 - Level 10.0 Conjurations
 - Level 2.0 Transmutations
 - Level 14.0 Earth Magic


You had 20 spell levels left.
You knew the following spells:

 Your Spells              Type           Power      Damage    Failure   Level
a - Sandblast             Erth           100%       2d20      0%          1
b - Passwall              Tmut/Erth      36%        N/A       1%          2
c - Stone Arrow           Conj/Erth      100%       3d13      1%          3
d - Petrify               Tmut/Erth      44%        N/A       1%          4
e - Iron Shot             Conj/Erth      28%        9d6       2%          6

Your spell library contained the following spells:

 Spells                   Type           Power      Damage    Failure   Level
 Searing Ray              Conj           100%       2d8       1%          2
 Animate Armour           Summ/Erth      80%        N/A       1%          4
 Pain                     Necr           48%        1d6       2%          1
 Cause Fear               Hex            6%         N/A       21%         4
 Blade Hands              Tmut           10%        N/A       26%         5
 Agony                    Necr           12%        N/A       47%         5
 Excruciating Wounds      Necr           6%         N/A       47%         5
 Metabolic Englaciation   Hex/Ice        6%         N/A       47%         5
 Summon Forest            Summ/Tloc      6%         N/A       47%         5
 Eringya's Noxious Bog    Tmut/Pois      8%         N/A       88%         6
 Dragon Form              Tmut           10%        N/A       99%         7
 Summon Hydra             Summ           6%         N/A       100%        7
 Dragon's Call            Summ           6%         N/A       100%        9
 Statue Form              Tmut/Erth      Unusable   N/A       N/A         6

Dungeon Overview and Level Annotations

Branches:
Dungeon (12/15)            Temple (1/1) D:7            Lair (1/6) D:8
    Orc (0/2) D:10

Altars:
Ashenzari
Cheibriados
Dithmenos
Elyvilon
Fedhas
Gozag
Hepliaklqana
Kikubaaqudgha
Makhleb
Nemelex Xobeh
Okawaru
Qazlal
Ru
Sif Muna
Trog
Uskayaw
Vehumet
Wu Jian
Xom
Yredelemnul
Zin
The Shining One

Shops:
D:9 [   D:10 ?


Innate Abilities, Weirdness & Mutations

You are immune to sickness and miasma.
Your stone body is resilient. (AC +8)
You are immune to poison.
You resist negative energy. (rN+)
You are resistant to electric shocks. (rElec)
You are resistant to unholy torment.
You are immune to petrification.


Message History

Aiming: Iron Shot (dangerous; 2% risk of failure)
Press: ? - help, Shift-Dir - straight line, f/p - boulder beetle
Aim: a boulder beetle (lightly wounded, petrifying slowly, 100% to hit)
The iron shot hits the boulder beetle!!
The boulder beetle is heavily wounded.
The boulder beetle stops moving altogether!
Unknown command.
Casting: Iron Shot (dangerous; 2% risk of failure)
Confirm with . or Enter, or press ? or * to list all spells.
Aiming: Iron Shot (dangerous; 2% risk of failure)
Press: ? - help, Shift-Dir - straight line, f/p - boulder beetle
Aim: a boulder beetle (heavily wounded, petrified, 100% to hit)
The iron shot hits the boulder beetle!!
The boulder beetle is heavily wounded.
Unknown command.
Casting: Iron Shot (dangerous; 2% risk of failure)
Confirm with . or Enter, or press ? or * to list all spells.
Aiming: Iron Shot (dangerous; 2% risk of failure)
Press: ? - help, Shift-Dir - straight line, f/p - boulder beetle
Aim: a boulder beetle (heavily wounded, petrified, 100% to hit)
The iron shot hits the boulder beetle!!!
The boulder beetle is severely wounded.
Unknown command.
The helpless boulder beetle fails to defend itself.
You hit the boulder beetle but do no damage.
The boulder beetle is severely wounded.
The helpless boulder beetle fails to defend itself.
You hit the boulder beetle.
The boulder beetle is severely wounded.
Casting: Iron Shot (dangerous; 2% risk of failure)
Confirm with . or Enter, or press ? or * to list all spells.
Aiming: Sandblast (safe; 0% risk of failure)
Press: ? - help, Shift-Dir - straight line, f/p - boulder beetle
Aim: a boulder beetle (severely wounded, petrified, 100% to hit)
The blast of sand hits the boulder beetle but does no damage.
The boulder beetle is severely wounded.
c - 362 stones The boulder beetle is no longer petrified.
The boulder beetle bites you!
You die...

#...............
#.D..####.......
+....# #......
###.Q..# #....#
.......# #....#
......W####....#
...............#
...####........######
... #........#@...#
... #....†...#B...#
... #....B...'....#
.. ###'#....#....#
#..#....#######
#..#####......# #..#
#......# #..#
#......# #..#
#......#


You could see a boulder beetle.

Vanquished Creatures
  Fannar (D:11)
  2 hydras
  4 two-headed ogres
  Nergalle (D:11)
  An ugly thing (D:12)
  A deep elf pyromancer (D:12)
  A manticore (D:11)
  Maurice (D:9)
  A gargoyle (D:11)
  3 cane toads (Lair:1)
  Psyche (D:11)
  An unseen horror (D:10)
  A troll (D:10)
  Grinder (D:5)
  A slime creature (D:12)
  3 wraiths
  Sigmund (D:5)
  12 yaks
  Eustachio (D:5)
  2 wyverns
  4 water moccasins
  Edmund (D:5)
  An acid dragon (D:9)
  3 ice beasts
  6 orc warriors
  A sky beast (D:4)
  2 ogres (D:6)
  2 black bears (D:4)
  4 wolves (Lair:1)
  A necrophage (D:5)
  A centaur (D:9)
  A phantom (D:6)
  A kobold brigand (D:7)
  6 bullfrogs
  Blork the orc (D:6)
  4 scorpions
  A water moccasin zombie (D:5)
  A gnoll sergeant (D:8)
  10 killer bees
  13 wights
  3 howler monkeys
  7 centaur zombies
  2 hounds
  4 orc priests
  A bullfrog skeleton (D:5)
  4 jellies
  A gnoll shaman (D:9)
  An iguana (D:4)
  5 orc wizards
  A hound zombie (D:5)
  A howler monkey zombie (D:5)
  14 gnolls
  5 howler monkey skeletons
  10 adders
  A shadow imp (D:8)
  A white imp (D:7)
  2 dart slugs
  24 orcs
  7 ball pythons
  5 bats
  6 endoplasms
  2 giant cockroaches (D:3)
  8 goblins
  4 hobgoblins
  14 kobolds
  2 quokkas
  4 frilled lizards
  3 rats
246 creatures vanquished.

Vanquished Creatures (others)
  A redback (D:12)
  6 fungi (D:8)
  6 plants (D:8)
13 creatures vanquished.

Grand Total: 259 creatures vanquished

Notes
Turn   | Place    | Note
-------+----------+-------------------------------------------
     0 | D:1      | Zeld the Gargoyle Earth Elementalist began the quest for
                  | the Orb.
     0 | D:1      | Reached XP level 1. HP: 10/10 MP: 3/3
   550 | D:1      | Reached skill level 1 in Transmutations
   550 | D:1      | Reached XP level 2. HP: 15/15 MP: 3/5
   588 | D:1      | Learned a level 2 spell: Passwall
   663 | D:1      | You fall into a shaft and drop 1 floor!
   690 | D:2      | Reached skill level 4 in Earth Magic
   822 | D:2      | Reached XP level 3. HP: 14/19 MP: 1/6
  2058 | D:2      | Found a faded altar of an unknown god.
  2371 | D:3      | Reached XP level 4. HP: 19/24 MP: 6/8
  2378 | D:3      | Learned a level 3 spell: Stone Arrow
  2773 | D:3      | Reached skill level 5 in Earth Magic
  2773 | D:3      | Reached XP level 5. HP: 22/28 MP: 2/9
  2838 | D:3      | Learned a level 4 spell: Petrify
  3425 | D:4      | Noticed a black bear
  3432 | D:4      | Killed a black bear
  3433 | D:4      | Reached skill level 6 in Earth Magic
  3433 | D:4      | Reached XP level 6. HP: 32/32 MP: 0/12
  3866 | D:4      | Noticed a black bear
  3871 | D:4      | Killed a black bear
  3872 | D:4      | Reached skill level 1 in Conjurations
  3872 | D:4      | Reached XP level 7. HP: 36/36 MP: 9/13
  4057 | D:4      | Reached skill level 7 in Earth Magic
  4176 | D:4      | Identified the +5 scale mail "Zettiblick" {rPois rC+ MP+9}
  4476 | D:4      | Reached skill level 5 in Spellcasting
  4505 | D:4      | Found an opulent altar of Gozag.
  4656 | D:5      | Entered Level 5 of the Dungeon
  5169 | D:5      | Noticed Grinder
  5172 | D:5      | Paralysed by Grinder for 5 turns
  5173 | D:5      | Noticed Edmund
  5236 | D:5      | Killed Grinder
  5237 | D:5      | Reached XP level 8. HP: 14/41 MP: 1/16
  5600 | D:5      | Killed Edmund
  5601 | D:5      | Reached skill level 8 in Earth Magic
  5715 | D:5      | Found a stormy altar of Qazlal.
  5901 | D:5      | Found a radiant altar of Vehumet.
  6197 | D:5      | Became a worshipper of Vehumet
  6404 | D:5      | Found a glowing golden altar of the Shining One.
  6405 | D:5      | Found a shimmering blue altar of Sif Muna.
  6410 | D:5      | Found an iron altar of Okawaru.
  6411 | D:5      | Found a snail-covered altar of Cheibriados.
  6411 | D:5      | Found a shadowy altar of Dithmenos.
  6412 | D:5      | Found a broken altar of Ashenzari.
  6502 | D:5      | Found a sacrificial altar of Ru.
  6669 | D:5      | Found a sparkling altar of Nemelex Xobeh.
  6808 | D:5      | Noticed Eustachio
  6814 | D:5      | Killed Eustachio
  6815 | D:5      | Reached skill level 9 in Earth Magic
  6996 | D:5      | Noticed Sigmund
  6999 | D:5      | Killed Sigmund
  7000 | D:5      | Reached XP level 9. HP: 25/45 MP: 11/19
  7182 | D:6      | Noticed Blork the orc
  7531 | D:6      | Killed Blork the orc
  7949 | D:6      | Reached skill level 10 in Earth Magic
  8079 | D:6      | Noticed a two-headed ogre
  8096 | D:6      | Killed a two-headed ogre
  8097 | D:6      | Reached skill level 5 in Conjurations
  9143 | D:7      | Reached skill level 11 in Earth Magic
  9227 | D:7      | Reached XP level 10. HP: 50/50 MP: 15/22
  9300 | D:7      | Found a white marble altar of Elyvilon.
  9444 | D:7      | Found a staircase to the Ecumenical Temple.
  9547 | Temple   | Entered the Ecumenical Temple
 10118 | D:7      | Found a bloodstained altar of Trog.
 10491 | D:8      | Reached * piety under Vehumet
 10491 | D:8      | Offered knowledge of Freeze by Vehumet.
 10790 | D:8      | Reached skill level 12 in Earth Magic
 11664 | D:8      | Found a staircase to the Lair.
 12056 | D:9      | Noticed a two-headed ogre
 12061 | D:9      | Killed a two-headed ogre
 12492 | D:9      | Reached ** piety under Vehumet
 12748 | D:9      | Offered knowledge of Scorch by Vehumet.
 12755 | D:9      | Reached XP level 11. HP: 54/54 MP: 2/24
 12767 | D:9      | Reached skill level 13 in Earth Magic
 12780 | D:9      | Identified a scroll of acquirement
 12794 | D:9      | Acquired a ring of wizardry
 12967 | D:9      | Reached skill level 10 in Spellcasting
 13144 | D:9      | Identified the +3 dagger of Disorder {holy, rN+ Str+3
                  | Int+2}
 13394 | D:9      | Noticed Maurice
 13598 | D:9      | Killed Maurice
 13922 | D:9      | Found Yqumees Lacs's Antique Armour Boutique.
 14255 | D:9      | Bought a glowing leather armour for 190 gold pieces
 14302 | D:10     | Entered Level 10 of the Dungeon
 14306 | D:10     | Found Jejem's Magic Scroll Shop.
 14307 | D:10     | Noticed a two-headed ogre
 14324 | D:10     | Killed a two-headed ogre
 14536 | D:10     | Bought a scroll of teleportation for 36 gold pieces
 14536 | D:10     | Bought a scroll of identify for 24 gold pieces
 14536 | D:10     | Bought a scroll of blinking for 90 gold pieces
 14536 | D:10     | Bought a scroll of silence for 90 gold pieces
 14875 | D:10     | Found a staircase to the Orcish Mines.
 15063 | D:10     | Learned a level 6 spell: Iron Shot
 15786 | D:11     | Noticed a manticore
 15793 | D:11     | Killed a manticore
 15902 | D:11     | Noticed Fannar
 15908 | D:11     | Killed Fannar
 15909 | D:11     | Reached skill level 14 in Earth Magic
 16788 | D:11     | Noticed a two-headed ogre
 16794 | D:11     | Killed a two-headed ogre
 16839 | D:11     | Noticed Psyche
 16843 | D:11     | Killed Psyche
 17015 | D:11     | Noticed Nergalle
 17024 | D:11     | Killed Nergalle
 17024 | D:11     | Offered knowledge of Searing Ray by Vehumet.
 17025 | D:11     | Reached XP level 12. HP: 51/59 MP: 6/27
 17644 | D:12     | Noticed a deep elf knight
 17646 | D:12     | Noticed a centaur warrior
 17646 | D:12     | Noticed a tengu warrior
 17646 | D:12     | Noticed a boulder beetle
 17646 | D:12     | Noticed a deep elf knight
 17869 | D:12     | Noticed a six-headed hydra
 17892 | D:12     | Killed a six-headed hydra
 18101 | Lair:1   | Entered Level 1 of the Lair of Beasts
 18287 | Lair:1   | Found a broken altar of Ashenzari.
 18327 | Lair:1   | Noticed a five-headed hydra
 18330 | Lair:1   | Killed a five-headed hydra
 18488 | Lair:1   | Found an ornate altar of the Wu Jian Council.
 18493 | Lair:1   | Noticed a boulder beetle
 18494 | Lair:1   | Found a hide-covered altar of Uskayaw.
 19629 | Lair:1   | Reached skill level 10 in Conjurations
 20121 | D:12     | Slain by a boulder beetle

Illustrated notes

Levels and vault maps discovered:
D:1:      roderic_dead_forest, layout_basic
D:2:      layout_loops_ring, chequers_ecumenical_altar_simple_redux,
          kennysheep_nub
D:3:      layout_loops_cross
D:4:      layout_gridville, lemuel_tele_altar, st_stairs_4
D:5:      layout_loops_ring, nicolae_vehumet_radiance, hangedman_ru_absence,
          amcnicky_altar_gilded, minitemple, lemuel_doored_altar,
          minmay_misc_feat_rugged, sigmund_edmund_badplayer, uniq_grinder,
          uniq_eustachio
D:6:      layout_loops_ring, dk_noncrumbling_4, uniq_blork_the_orc
D:7:      layout_loops_ring, mainiacjoe_overflow_chevrons,
          lightli_temple_of_fire, minmay_temple_entry_trees, serial_park_tiny_2
D:8:      layout_layer_cave, grunt_lair_entry_orc_guard_hut
D:9:      layout_stronghold, serial_shops, shop, uniq_maurice
D:10:     layout_loops_ring, orc_0_dummy, serial_shops,
          nicolae_shop_advertising_works [nicolae_subvault_shop_adworks]
D:11:     layout_basic, uniq_nergalle, uniq_fannar, uniq_psyche
D:12:     layout_gridville, minivault_28
Temple:   compressed_dpeg_triangle_lava_temple
Lair:1:   layout_long_grid, basic_altar, nzn_masters_of_martial_movement,
          serial_bayou_shore_a, lemuel_fruit_tree, grunt_megastairs_4

Skill      XL: |  1  2  3  4  5  6  7  8  9 10 11 12 |
---------------+-------------------------------------+-----
Transmutations | 1 2 |  2.0
Earth Magic    | 4 5 6 7 9 11 12 14 | 14.0
Spellcasting   | 3 4 5 6 8 9 11 12 | 12.9
Conjurations   | 1 2 4 5 7 9 10 | 10.0
Dodging        | |  1.5
Stealth        | |  2.1

Action                   |  1- 3 |  4- 6 |  7- 9 | 10-12 || total
-------------------------+-------+-------+-------+-------++-------
Melee: Unarmed           |    20 |     7 |    22 |       ||    49
       Punch             |     1 |       |     1 |       ||     2
       Flail             |       |       |    10 |     8 ||    18
       Morningstar       |       |       |       |    47 ||    47
 Cast: Sandblast         |    47 |    63 |    19 |    32 ||   161
       Stone Arrow       |       |     3 |   101 |   198 ||   302
       Petrify           |       |       |     2 |    13 ||    15
       Iron Shot         |       |       |       |    31 ||    31
  Use: Scroll            |       |       |       |    20 ||    20
 Stab: Sleeping          |       |       |     2 |       ||     2
       Distracted        |       |       |     1 |       ||     1
       Petrified         |       |       |       |     5 ||     5
Armor: Robe              |    22 |    12 |    14 |    76 ||   124
Dodge: Dodged            |    30 |    18 |    53 |   101 ||   202
Block: Other             |       |       |     7 |    49 ||    56
